 Dungeon Crawl Stone Soup version 0.31.0-12-g77e489cdc1 (webtiles) character file.

Game seed: 10754601404367953422

833 PriceMaster the Firebug (level 7, -3/63 HPs)
             Began as an Octopode Fire Elementalist on Feb 28, 2024.
             Killed by an exploding phantom (13 damage)
             ... ignited by their inner flame
             ... on level 6 of the Dungeon on Feb 29, 2024.
             The game lasted 00:09:17 (6230 turns).

PriceMaster the Firebug (OpFE)                      Turns: 6230, Time: 00:09:17

Health: -3/63      AC: 23    Str:  8    XL:     7   Next: 98%
Magic:  1/14       EV:  2    Int: 19    God:
Gold:   358        SH:  0    Dex: 12    Spells: 10/16 levels left

rFire   . . .        t - +0 triple sword
rCold   . . .        (shield currently unavailable)
rNeg    . . .        (helmet currently unavailable)
rPois   +            x - amulet "Kyosum" {Will+ Regen+}
rElec   .            f - ring of resist corrosion
rCorr   +            (no ring)
SInv    .            (no ring)
Will    +....        (no ring)
Stlth   ++           (no ring)
HPRegen 1.10/turn    (no ring)
MPRegen 0.14/turn    (no ring)
                     (no ring)

%: no passive effects
@: brilliant, tree-form
A: stationary, stasis, torment immunity, boosted hp, almost no armour,
(amphibious), 8 rings, (camouflage 1), (gelatinous body 1), (nimble swimmer 1),
(tentacles)
a: no special abilities


You were on level 6 of the Dungeon.
You were a tree.
You visited 1 branch of the dungeon, and saw 6 of its levels.

You collected 358 gold pieces.

Inventory:

Hand Weapons
 t - a +0 triple sword (weapon)
Armour
 l - an orb of wrath
Magical Staves
 a - a staff of conjuration
Jewellery
 d - an amulet of faith
 f - a ring of resist corrosion (left branch)
 x - the amulet "Kyosum" (around neck) {Will+ Regen+}
   (You found it on level 5 of the Dungeon)

   [amulet of regeneration]

   Will+:     It increases your willpower.
   Regen+:    It increases your rate of health regeneration.
Wands
 o - a wand of flame (12)
 s - a wand of iceblast (7)
Scrolls
 b - a scroll of enchant armour {unknown}
 e - 3 scrolls of identify {unknown}
 j - a scroll of vulnerability {unknown}
 k - 2 scrolls of teleportation {unknown}
 m - 2 scrolls of immolation {unknown}
 p - a scroll of fear {unknown}
 r - a scroll of revelation
 u - a scroll of amnesia {unknown}
Potions
 c - a potion of experience {unknown}
 h - a potion of lignification
 i - a potion of ambrosia {unknown}
 n - a potion of brilliance
 q - a potion of mutation {unknown}
 z - a potion of might {unknown}


   Skills:
 + Level 0.7 Fighting
 + Level 1.1 Long Blades
 + Level 1.0 Staves
 + Level 2.7 Dodging
 + Level 4.0 Stealth
 + Level 0.7 Unarmed Combat
 + Level 5.1 Spellcasting
 + Level 2.2 Conjurations
 + Level 1.3 Hexes
 + Level 5.7 Fire Magic


You had 10 spell levels left.
You knew the following spells:

 Your Spells              Type           Power      Damage    Failure   Level
a - Foxfire               Conj/Fire      100%       2x1d9     2%          1
b - Scorch                Fire           78%        2d8       1%          2
c - Inner Flame           Hex/Fire       27%        N/A       9%          3

Your spell library contained the following spells:

 Spells                   Type           Power      Damage    Failure   Level
 Volatile Blastmotes      Fire/Tloc      46%        2d13      12%         3
 Lesser Beckoning         Tloc           14%        N/A       19%         2
 Flame Wave               Conj/Fire      30%        2d9       24%         4
 Gell's Gravitas          Tloc           7%         N/A       36%         3
 Teleport Other           Tloc           7%         N/A       36%         3


Dungeon Overview and Level Annotations

Branches:
Dungeon (6/15)
 Temple: D:4-7

Altars:
Fedhas
Nemelex Xobeh
Xom

Shops:
D:2 !([(!


Innate Abilities, Weirdness & Mutations

You are a tree.
Your roots penetrate the ground, keeping you stationary.
You cannot be teleported.
You are immune to unholy pain and torment.
Your maximum health is greatly increased.
You cannot wear most types of armour.
((You are amphibious.))
You can wear up to eight rings at the same time.
((Your skin changes colour to match your surroundings (Stealth+).))
((Your rubbery body absorbs attacks. (AC +1, EV +1)))
((You are camouflaged when in or above water. (Stealth+)))
((You have tentacles for arms and can constrict up to eight enemies at once.))


Message History

The orc wizard hits you with a +0 morningstar.
* * * LOW HITPOINT WARNING * * *
You feel much better. The phantom misses you.
The orc wizard closely misses you.
You closely miss the orc wizard. Your grab misses the orc wizard.
The phantom closely misses you. The orc wizard closely misses you.
The phantom misses you.
The orc wizard gestures wildly while chanting.
The orc wizard flickers and vanishes!
Deactivating autopickup; reactivate with Ctrl-A.
You closely miss something. Your squeeze misses something.
The phantom closely misses you. Something barely misses you.
The phantom closely misses you.
You miss something. You tentacle-slap something. Something hits you.
The scorpion stings you! The phantom barely misses you. Something hits you!
As you read the scroll labelled BOODESTRAMO, it crumbles to dust.
Wisps of shadow whirl around you...
It was a scroll of summoning.
The scorpion stings you. The phantom closely misses you. Something hits you!
* * * LOW HITPOINT WARNING * * *
It was a potion of lignification.
You turn into a tree.
Your roots penetrate the ground.
The scorpion stings you but does no damage.
The phantom hits you.
* * * LOW HITPOINT WARNING * * *
Something hits you but does no damage.
The scorpion stings you but does no damage.
Your wight hits the phantom from afar with a +4 spear!
Flame seeps out of the phantom.
Your orc wizard barely misses the scorpion.
Your orc barely misses the phantom.
Your sky beast hits something.
Your sky beast shocks something.
It was a potion of brilliance.
You feel clever all of a sudden.
The phantom is engulfed in blazing flames.
The phantom explodes!
The fiery explosion engulfs your orc!
You kill your orc!
Your orc's corpse dissolves into shadows!
The fiery explosion engulfs you!
You die...

###...# ##..#
... ##.#### ...
#....## ##..
#.##..# #z.
#.###.# ###.###
#.# #.#
#.Yz§z## #.#
#.# #§#{#○o#
#+#
#.###.#o♣#.#
#..##†##.so#
##.##..####oo)
#.##)...?#.#..#
#.##)#.#!#..#.#
#..†.#...# ....
#..#####..###..
##.# #... #.#
...


You could see a scorpion (ally target), a friendly sky beast (summoned), 3
friendly wights, a friendly orc priest (summoned), a friendly orc wizard
(summoned) and 3 friendly orcs.

Vanquished Creatures
  A water moccasin (D:6)
  2 phantoms
  A bullfrog (D:6)
  5 bombardier beetles
  2 hounds
  5 iguanas
  2 orc wizards (D:5)
  9 adders
  A white imp (D:5)
  A ribbon worm (D:2)
  5 dart slugs
  8 orcs
  13 ball pythons
  6 bats
  5 endoplasms
  5 goblins
  4 hobgoblins
  4 jackals
  9 kobolds
  3 quokkas
  3 frilled lizards
  7 rats
101 creatures vanquished.

Vanquished Creatures (others)
  183 foxfires
183 creatures vanquished.

Grand Total: 284 creatures vanquished

Notes
Turn   | Place    | Note
-------+----------+-------------------------------------------
     0 | D:1      | PriceMaster the Octopode Fire Elementalist began the quest
                  | for the Orb.
     0 | D:1      | Reached XP level 1. HP: 11/11 MP: 3/3
   475 | D:1      | Found a faded altar of an unknown god.
   543 | D:1      | Reached XP level 2. HP: 17/17 MP: 1/5
   955 | D:2      | Found Qikhlylel's Weapon Shoppe.
  1100 | D:2      | Reached XP level 3. HP: 20/21 MP: 2/6
  1176 | D:2      | Found Teackaenucw's Distillery.
  1314 | D:2      | Found Jeut's Weapon Shoppe.
  1368 | D:2      | Found Faer's Armour Shop.
  1510 | D:2      | Reached XP level 4. HP: 27/27 MP: 4/7
  1513 | D:2      | Learned a level 2 spell: Scorch
  1756 | D:2      | Found a shimmering altar of Xom.
  1863 | D:2      | Found Leluzok's Distillery.
  3293 | D:3      | Found a sparkling altar of Nemelex Xobeh.
  3431 | D:4      | Reached XP level 5. HP: 31/31 MP: 9/9
  3432 | D:4      | Noticed a phantom
  3445 | D:4      | Killed a phantom
  3446 | D:4      | Reached XP level 6. HP: 36/36 MP: 1/11
  3547 | D:4      | Identified the +8 scimitar "Octopus's Peril" {heavy, rElec
                  | rPois MP-9}
  3606 | D:4      | Learned a level 3 spell: Inner Flame
  4190 | D:4      | Found a blossoming altar of Fedhas.
  4718 | D:5      | Entered Level 5 of the Dungeon
  5116 | D:5      | Reached skill level 1 in Staves
  5116 | D:5      | Reached XP level 7. HP: 42/42 MP: 5/13
  5406 | D:5      | Identified the amulet "Kyosum" {Will+ Regen+}
  5581 | D:5      | Reached skill level 5 in Fire Magic
  6147 | D:6      | Reached skill level 1 in Hexes
  6217 | D:6      | Reached skill level 1 in Long Blades
  6217 | D:6      | Reached skill level 5 in Spellcasting
  6230 | D:6      | Killed by an exploding phantom... ignited by their inner
                  | flame

Illustrated notes

Levels and vault maps discovered:
D:1:      shiori_arrival_elements, layout_basic,
          shapermc_ecumenical_altar_flowoftime
D:2:      layout_loops_ring, basic_altar, serial_shops, shop,
          nicolae_shop_tiny_glass, shop, nicolae_shop_hallway_stairs, shop,
          minmay_fountain_box
D:3:      layout_basic, lemuel_coloured_pillars_altar
D:4:      layout_basic, fedhas_altar_2
D:5:      layout_basic
D:6:      layout_basic, mainiacjoe_overflow_chevrons,
          gammafunk_temple_overflow_claw, serial_shops, nicolae_shop_trees,
          minmay_bent

Skill      XL: |  1  2  3  4  5  6  7 |
---------------+----------------------+-----
Fire Magic     | 4 5 |  5.7
Stealth        | 3 4 |  4.0
Spellcasting   | 3 4 5 |  5.1
Conjurations   | 2 |  2.2
Staves         | 1 |  1.0
Hexes          | 1 |  1.3
Long Blades    | 1 |  1.1
Fighting       | |  0.7
Dodging        | |  2.7
Unarmed Combat | |  0.7

Action                     |  1- 3 |  4- 6 |  7- 9 || total
---------------------------+-------+-------+-------++-------
  Melee: Unarmed           |    16 |       |       ||    16
         Constrict         |     6 |    16 |     5 ||    27
         Tentacles         |     4 |    12 |     3 ||    19
         Staff             |    10 |    35 |       ||    45
         Triple sword      |       |     6 |    15 ||    21
         Punch             |       |     1 |     2 ||     3
   Cast: Foxfire           |    59 |    36 |    20 ||   115
         Scorch            |       |    23 |    11 ||    34
         Inner Flame       |       |     8 |     9 ||    17
    Use: Scroll            |     1 |       |     1 ||     2
         Potion            |     2 |     1 |     4 ||     7
   Stab: Sleeping          |     1 |     5 |       ||     6
 Armour: Skin              |    25 |    26 |    24 ||    75
  Dodge: Dodged            |    38 |    30 |    21 ||    89
